[Event "*** Qualifier 4: Titled Tuesday 3|2 Blitz"]
[Site "Chess.com"]
[Date "2017.04.25"]
[Round "1"]
[White "peteseeger"]
[Black "wnstop"]
[Result "0-1"]
[WhiteElo "2114"]
[BlackElo "2472"]
[TimeControl "180+2"]
[EndTime "13:02:29 PDT"]
[Termination "wnstop won by resignation"]

1. e4 c5 2. Nf3 Nc6 3. Bb5 g6 4. O-O Bg7 5. Nc3 Nf6 6. e5 Ng4 7. Bxc6 dxc6 8. Re1 O-O 9. d3 Nh6 10. Bf4 Bg4 11. h3 Bxf3 12. Qxf3 Nf5 13. Ne4 Qd5 14. Ng3 Qxf3 15. gxf3 Nd4 0-1

[Event "*** Qualifier 4: Titled Tuesday 3|2 Blitz"]
[Site "Chess.com"]
[Date "2017.04.25"]
[Round "1"]
[White "GamayevOleg"]
[Black "Konavets"]
[Result "0-1"]
[WhiteElo "2340"]
[BlackElo "2690"]
[TimeControl "180+2"]
[EndTime "13:03:09 PDT"]
[Termination "Konavets won by resignation"]

1. g3 e5 2. Bg2 Nf6 3. c3 d5 4. d4 Nc6 5. dxe5 Nxe5 6. Nd2 Qe7 7.
Ndf3 Ng6 8. Nh3 c6 9. Nf4 Qc7 10. Nxg6 hxg6 11. Bf4 Bd6 12. Bxd6 Qxd6 13. Qd4 Bh3 14.
Bxh3 Rxh3 15. Qe5+ Qxe5 16. Nxe5 Ke7 17. Nf3 Rah8 18. Kf1 Ne4 19. Kg2 g5 20. Rad1 g6 21. Nd2 f5 22. Nxe4 fxe4 23. e3 b5 24. a4 a6 25.
axb5 axb5 26. Ra1 g4 27. Ra7+ Kd6 28. Rg7 R3h6 29. Rf7 Kc5 30. Rf6 g5 31. Rxh6 Rxh6 32.
Rd1 Kc4 33. Rd4+ Kb3 34. Rb4+ Kc2 35. Kg1 Rh8 36. Kg2 Rb8 37. h4 c5 0-1

[Event "*** Qualifier 4: Titled Tuesday 3|2 Blitz"]
[Site "Chess.com"]
[Date "2017.04.25"]
[Round "1"]
[White "igorkovalenko"]
[Black "Robin-Side"]
[Result "1-0"]
[WhiteElo "2655"]
[BlackElo "2322"]
[TimeControl "180+2"]
[EndTime "13:03:13 PDT"]
[Termination "igorkovalenko won by resignation"]

1. c4 c5 2. Nc3 Nc6 3. g3 g6 4.
Bg2 Bg7 5. Nf3 d6 6. a3 e5 7. Rb1 a5 8. d3 Nge7 9. Bd2 O-O 10. O-O h6 11. Qc1 Kh7 12. Ne1 Be6 13. Nc2 d5 14.
cxd5 Nxd5 15. Ne3 Nde7 16. Nc4 b6 17. Nb5 Rb8 18. b4 axb4 19. axb4 Nxb4 20. Bxb4 cxb4 21. Rxb4 Bd5 22. Ncd6 Bxg2 23. Kxg2 Nc6 24. Qxc6 1-0

[Event "*** Qualifier 4: Titled Tuesday 3|2 Blitz"]
[Site "Chess.com"]
[Date "2017.04.25"]
[Round "1"]
[White "geeeeri"]
[Black "gmcorrales"]
[Result "0-1"]
[WhiteElo "2281"]
[BlackElo "2599"]
[TimeControl "180+2"]
[EndTime "13:03:28 PDT"]
[Termination "gmcorrales won by resignation"]

1. e4 c5 2. Nf3 d6 3. d3 g6 4. g3 Bg7 5. Nbd2 Nc6 6. Bg2 f5 7.
O-O Nf6 8. Re1 O-O 9. e5 dxe5 10. Nxe5 Nxe5 11. Rxe5 Ng4 12. Re1 e5 13. h3 Nh6 14.
Nc4 Nf7 15. Bd2 Be6 16. Bxb7 Rb8 17. Bg2 Bxc4 18. dxc4 e4 19. b3 Bxa1 20. Qxa1 Qxd2 0-1

[Event "*** Qualifier 4: Titled Tuesday 3|2 Blitz"]
[Site "Chess.com"]
[Date "2017.04.25"]
[Round "1"]
[White "jcgs1030"]
[Black "Gabrielian_Artur"]
[Result "0-1"]
[WhiteElo "2265"]
[BlackElo "2590"]
[TimeControl "180+2"]
[EndTime "13:03:32 PDT"]
[Termination "Gabrielian_Artur won by resignation"]

1. e4 e5 2. Nf3 Nc6 3. Bb5 a6 4. Ba4 d6 5. d4 exd4 6. Nxd4 Bd7 7. O-O Nf6 8. Nc3 Be7 9. h3 O-O 10. Bxc6 bxc6 11. Qf3 Re8 12. Bg5 h6 13. Bh4 Rb8 14.
b3 Rb4 15. Rad1 c5 16. Nf5 Bxf5 17. Qxf5 Nxe4 18. Nxe4 Bxh4 19. Nxc5 Rb5 20. g3 Rxc5 21. Qxc5 dxc5 22. Rxd8 Bxd8 23. Rc1 Bf6 24. Kf1 Rd8 25. Ke2 Bc3 0-1

[Event "*** Qualifier 4: Titled Tuesday 3|2 Blitz"]
[Site "Chess.com"]
[Date "2017.04.25"]
[Round "1"]
[White "cailinchetty"]
[Black "Alex_Molchanov"]
[Result "0-1"]
[WhiteElo "1951"]
[BlackElo "2435"]
[TimeControl "180+2"]
[EndTime "13:04:17 PDT"]
[Termination "Alex_Molchanov won by resignation"]

1. e4 c6 2. d4 d5 3. Nc3 dxe4 4. Nxe4 Bf5 5. Ng3 Bg6 6. h4 h6 7. h5 Bh7 8. Nf3 Nd7 9. Bd3 Bxd3 10. Qxd3 e6 11. Bd2 Ngf6 12. O-O-O Be7 13. Kb1 Qb6 14. Nf1 Rd8 15. Be3 c5 16. N1d2 Nd5 17. Nc4 Qa6 18.
c3 O-O 19. Nce5 Qxd3+ 20. Nxd3 cxd4 21. Bxd4 N7b6 22. Nde5 Bf6 23. Ng4 Bxd4 24. Nxd4 Nc4 25. Rhe1 Rd7 26. Ne5 Nxe5 27. Rxe5 Rfd8 28. Rde1 Nf6 29.
f3 Rd5 30. Kc2 Nxh5 31. Kd3 Nf4+ 32. Kc4 Nxg2 33. R1e2 Nf4 34. R2e4 Ng6 0-1

[Event "*** Qualifier 4: Titled Tuesday 3|2 Blitz"]
[Site "Chess.com"]
[Date "2017.04.25"]
[Round "1"]
[White "djano"]
[Black "FLchessplayer"]
[Result "1-0"]
[WhiteElo "2440"]
[BlackElo "2020"]
[TimeControl "180+2"]
[EndTime "13:04:44 PDT"]
[Termination "djano won by resignation"]

1. d4 Nf6 2. Bf4 c5 3. e3 Qb6 4. Nc3 a6 5. Rb1 e6 6. Nf3 Nc6 7. Be2 d5 8. O-O Be7 9. Na4 Qa5 10. Nxc5 Bxc5 11. dxc5 Qxc5 12. a3 O-O 13. b4 Qa7 14. c4 Rd8 15. Qc2 d4 16. exd4 Nxd4 17. Nxd4 Qxd4 18.
Rbd1 Qxd1 19. Rxd1 Bd7 20. Bf3 Bc6 21. Bxc6 bxc6 22.
Bd6 h6 23. c5 Nd5 24. g3 a5 25. Rb1 axb4 26. axb4 Ra3 27. b5 cxb5 28. Rxb5 f5 29.
Rb8 Rxb8 30. Bxb8 Kf7 31. c6 Rc3 32. Qxc3 Nxc3 33. c7 1-0

[Event "*** Qualifier 4: Titled Tuesday 3|2 Blitz"]
[Site "Chess.com"]
[Date "2017.04.25"]
[Round "1"]
[White "swayamsm"]
[Black "kharov2001"]
[Result "1-0"]
[WhiteElo "2428"]
[BlackElo "1938"]
[TimeControl "180+2"]
[EndTime "13:04:46 PDT"]
[Termination "swayamsm won by checkmate"]

1. d4 Nf6 2. c4 g6 3. Nc3 Bg7 4. e4 d6 5. Be2 O-O 6. Be3 e5 7. d5 a5 8. g4 Na6 9. g5 Ne8 10. h4 f5 11. gxf6 Bxf6 12. h5 g5 13. h6 c6 14. Nf3 Kh8 15. Qd2 g4 16. Ng5 Nc5 17.
dxc6 bxc6 18. Rg1 Rb8 19. O-O-O a4 20. Bxg4 Bxg4 21. Rxg4 Qa5 22. Rdg1 d5 23. Nf7+ Rxf7 24. Rg8# 1-0

[Event "*** Qualifier 4: Titled Tuesday 3|2 Blitz"]
[Site "Chess.com"]
[Date "2017.04.25"]
[Round "1"]
[White "Hikaru"]
[Black "grzechu96"]
[Result "1-0"]
[WhiteElo "2953"]
[BlackElo "2388"]
[TimeControl "180+2"]
[EndTime "13:04:50 PDT"]
[Termination "Hikaru won by resignation"]

1. b3 Nf6 2. Bb2 b6 3. e3 Bb7 4.
Nf3 e6 5. g3 Be7 6. Bg2 O-O 7.
O-O c5 8. c4 d6 9. d4 Nbd7 10. Nc3 cxd4 11. Nxd4 Bxg2 12. Kxg2 Qc7 13. Ncb5 Qb7+ 14. Qf3 Qxf3+ 15. Kxf3 Rfc8 16. Ba3 Nc5 17. Rfd1 d5 18. cxd5 Nxd5 19. Nf5 Bf8 20. Nfd6 Rc6 21. e4 Bxd6 22. exd5 exd5 23. Rxd5 Bf8 24. Rad1 Rf6+ 25. Kg2 a6 26. Bxc5 Bxc5 27. Rd8+ Rxd8 28. Rxd8+ Bf8 29.
Nc7 a5 30. Nd5 Rc6 31. Ne7+ 1-0

[Event "*** Qualifier 4: Titled Tuesday 3|2 Blitz"]
[Site "Chess.com"]
[Date "2017.04.25"]
[Round "1"]
[White "Osensei"]
[Black "rubhani"]
[Result "0-1"]
[WhiteElo "1655"]
[BlackElo "2396"]
[TimeControl "180+2"]
[EndTime "13:05:08 PDT"]
[Termination "rubhani won by resignation"]

1. e4 c5 2. Nf3 d6 3. d4 cxd4 4. Nxd4 Nf6 5. Nc3 a6 6. h3 e5 7. Nde2 h5 8. g3 b5 9. Bg2 Bb7 10. Bg5 Nbd7 11. O-O Be7 12. a3 Rc8 13. Qd2 O-O 14.
Rad1 Qc7 15. Kh1 Rfd8 16. f4 Nb6 17. b3 d5 18. Bxf6 Bxf6 19. exd5 exf4 20. Qxf4 Qxf4 21. Rxf4 Bxc3 22. Nxc3 Rxc3 0-1

[Event "*** Qualifier 4: Titled Tuesday 3|2 Blitz"]
[Site "Chess.com"]
[Date "2017.04.25"]
[Round "1"]
[White "silverback96"]
[Black "asms9699"]
[Result "0-1"]
[WhiteElo "2034"]
[BlackElo "2447"]
[TimeControl "180+2"]
[EndTime "13:05:20 PDT"]
[Termination "asms9699 won by resignation"]

1. Nf3 d5 2. g3 c5 3. Bg2 Nc6 4. c4 e6 5. O-O Nf6 6. cxd5 exd5 7. d4 Be7 8. Nc3 O-O 9. dxc5 Bxc5 10. Na4 Be7 11.
Be3 b6 12. Nd4 Nxd4 13. Qxd4 Be6 14. Rfd1 Rc8 15. a3 Rc4 16. Qd3 Rxa4 17. Rac1 Rc4 18. Rb1 Qc8 19. Bd4 Bf5 20. e4 Bxe4 21. Bxe4 dxe4 22.
Qe3 Bc5 23. h4 Bxd4 24. Rxd4 Rxd4 25. Qxd4 Rd8 26. Qe5 h6 27. Kg2 Qg4 28. Qe7 Qf3+ 29. Kg1 Rd2 30. Rf1 e3 31. Qe5 exf2+ 32. Kh2 0-1

[Event "*** Qualifier 4: Titled Tuesday 3|2 Blitz"]
[Site "Chess.com"]
[Date "2017.04.25"]
[Round "1"]
[White "ruvat"]
[Black "XDPS"]
[Result "0-1"]
[WhiteElo "2247"]
[BlackElo "2532"]
[TimeControl "180+2"]
[EndTime "13:05:27 PDT"]
[Termination "XDPS won by resignation"]

1. d4 d5 2. c4 dxc4 3. Nf3 Nf6 4. Qa4+ Nc6 5. Nc3 e6 6. e4 Bb4 7. e5 Ne4 8. Bd2 Nxd2 9. Kxd2 O-O 10. Bxc4 Nxd4 11.
Ke3 Bc5 12. Ne4 Bb6 13. Kf4 Bd7 14. Qd1 Nf5 15. g4 Ne7 16. Kg3 Bc6 17. Qe2 Nd5 18. Rad1 Qe7 19. g5 Kh8 20. h4 f6 21. Bxd5 exd5 22.
gxf6 gxf6 23. Nxf6 Rxf6 0-1

[Event "*** Qualifier 4: Titled Tuesday 3|2 Blitz"]
[Site "Chess.com"]
[Date "2017.04.25"]
[Round "1"]
[White "NMJeevanK"]
[Black "Shivagami"]
[Result "1-0"]
[WhiteElo "2407"]
[BlackElo "1925"]
[TimeControl "180+2"]
[EndTime "13:05:56 PDT"]
[Termination "NMJeevanK won by resignation"]

1. e4 e5 2. Nf3 Nc6 3. Bb5 a6 4.
Ba4 Nf6 5. O-O Be7 6. Re1 b5 7. Bb3 d6 8. c3 O-O 9. h3 Nb8 10. d4 Bb7 11. Nbd2 Nbd7 12. Bc2 Re8 13. Nf1 Bf8 14. Ng3 g6 15. b3 Bg7 16. Bb2 d5 17. dxe5 Nxe5 18. Nxe5 Rxe5 19. c4 Nxe4 20. Nxe4 dxe4 21.
Bxe5 Bxe5 22. Qxd8+ Rxd8 23. Rad1 Re8 24. g3 f5 25. Rd7 Bc6 26. Rdd1 Bb7 27. Re2 Bc3 28. Rd7 Be5 29. Red2 Bd6 30. R2xd6 cxd6 31. Rxb7 bxc4 32.
bxc4 Rc8 33. Rb6 1-0

[Event "*** Qualifier 4: Titled Tuesday 3|2 Blitz"]
[Site "Chess.com"]
[Date "2017.04.25"]
[Round "1"]
[White "tihanaivekovic223"]
[Black "DryCounty"]
[Result "0-1"]
[WhiteElo "1995"]
[BlackElo "2476"]
[TimeControl "180+2"]
[EndTime "13:05:59 PDT"]
[Termination "DryCounty won by resignation"]

1. e4 e5 2. Nf3 Nc6 3. Nc3 Nf6 4.
d4 exd4 5. Nxd4 Bb4 6. Nxc6 bxc6 7. Bd3 d5 8. exd5 Qe7+ 9. Qe2 Qxe2+ 10. Kxe2 cxd5 11.
Bb5+ Bd7 12. Bxd7+ Kxd7 13. f3 c6 14. Bf4 Rhe8+ 15. Kf2 Bc5+ 16. Kg3 Nh5+ 17. Kg4 g6 18. Bd2 Be3 19. Bxe3 Rxe3 20. Rhe1 Rae8 21. Rxe3 Rxe3 22. Rd1 Ke6 23. Rd2 Ke5 24. Ne2 f5+ 25. Kg5 Kd6 26. g4 fxg4 27. fxg4 Re5+ 28. Kh6 Nf6 29. h3 Re3 30.
Nf4 Rf3 31. Kg5 Ne4+ 0-1

[Event "*** Qualifier 4: Titled Tuesday 3|2 Blitz"]
[Site "Chess.com"]
[Date "2017.04.25"]
[Round "1"]
[White "PelinGorki"]
[Black "SergeiAza"]
[Result "0-1"]
[WhiteElo "2329"]
[BlackElo "2659"]
[TimeControl "180+2"]
[EndTime "13:06:15 PDT"]
[Termination "SergeiAza won by resignation"]

1. e4 c5 2. Na3 Nc6 3. Bb5 g6 4. h4 h5 5. c3 Bg7 6. Nf3 Nf6 7. Qe2 O-O 8. d4 cxd4 9. cxd4 d6 10. O-O Bg4 11. Bxc6 bxc6 12. Nc2 Qb6 13. Rb1 c5 14. d5 a5 15. Qd3 Qa6 16. Qe3 Qc4 17. Nfe1 Be2 18. Qa3 Bxf1 19. Ne3 Qxe4 20. N1c2 0-1

[Event "*** Qualifier 4: Titled Tuesday 3|2 Blitz"]
[Site "Chess.com"]
[Date "2017.04.25"]
[Round "1"]
[White "hansen"]
[Black "GMOratovsky"]
[Result "1-0"]
[WhiteElo "2659"]
[BlackElo "2324"]
[TimeControl "180+2"]
[EndTime "13:06:16 PDT"]
[Termination "hansen won by resignation"]

1. e4 d6 2. d4 Nf6 3. Nc3 e5 4. Nf3 Nbd7 5. Bc4 exd4 6. Qxd4 Be7 7. O-O Nb6 8. Bb3 O-O 9. a4 a5 10. h3 Nfd7 11. Be3 Bf6 12. Qd2 Re8 13. Rfe1 Nc5 14. Rad1 Bxc3 15. Qxc3 Nxe4 16. Qd3 Nd7 17. Bg5 Nef6 18.
Qc4 Rf8 19. Qh4 Nc5 20. Nd4 Bd7 21. Re3 Nxb3 22. cxb3 Re8 23. Rf3 h6 24. Bxf6 gxf6 25. Qxh6 Re5 26. h4 Qf8 27. Rg3+ 1-0

[Event "*** Qualifier 4: Titled Tuesday 3|2 Blitz"]
[Site "Chess.com"]
[Date "2017.04.25"]
[Round "1"]
[White "Fandorine"]
[Black "evgenyermolaev"]
[Result "1-0"]
[WhiteElo "2694"]
[BlackElo "2357"]
[TimeControl "180+2"]
[EndTime "13:06:24 PDT"]
[Termination "Fandorine won on time"]

1. e4 c5 2. Nf3 d6 3. c3 Nf6 4. h3 g6 5. Bd3 Bg7 6. O-O O-O 7. Bc2 Nc6 8. Re1 Qc7 9. d4 b5 10.
Bf4 e5 11. dxe5 dxe5 12. Bg5 Be6 13. Nbd2 Nh5 14. Nf1 Nf4 15. Ne3 f6 16. Bxf4 exf4 17. Nd5 Qf7 18. Nxf4 Rfd8 19. Qb1 Kh8 20. Nxe6 Qxe6 21.
Qc1 Ne5 22. Nxe5 Qxe5 23. Qe3 Rd7 24. a4 Rb8 25. axb5 c4 26. Ba4 Rd3 27. Qxa7 Rxc3 28. bxc3 1-0

[Event "*** Qualifier 4: Titled Tuesday 3|2 Blitz"]
[Site "Chess.com"]
[Date "2017.04.25"]
[Round "1"]
[White "hsskoo"]
[Black "amaidel"]
[Result "0-1"]
[WhiteElo "1939"]
[BlackElo "2423"]
[TimeControl "180+2"]
[EndTime "13:06:37 PDT"]
[Termination "amaidel won on time"]

1. e4 e6 2. d4 d5 3. Nd2 Be7 4. Ngf3 Nf6 5. Bd3 dxe4 6. Nxe4 Nbd7 7. O-O Nxe4 8. Bxe4 Nf6 9. Bd3 O-O 10. Bg5 b6 11. c3 Bb7 12. Re1 Rc8 13. Qe2 c5 14.
dxc5 Rxc5 15. Rad1 Qa8 16. Bxf6 Bxf6 17. Be4 h6 18. Rd7 Bxe4 19. Qxe4 a5 20. Qxa8 Rxa8 21. Re2 Rb8 0-1

[Event "*** Qualifier 4: Titled Tuesday 3|2 Blitz"]
[Site "Chess.com"]
[Date "2017.04.25"]
[Round "1"]
[White "Enzy63"]
[Black "Gabix_94"]
[Result "0-1"]
[WhiteElo "2024"]
[BlackElo "2441"]
[TimeControl "180+2"]
[EndTime "13:06:41 PDT"]
[Termination "Gabix_94 won by resignation"]

1. d4 Nf6 2. Nf3 c5 3. d5 e6 4.
c4 exd5 5. cxd5 d6 6. Nc3 g6 7.
h3 Bg7 8. e4 O-O 9. Bd3 Nbd7 10. O-O Re8 11. Bf4 c4 12. Bc2 Nc5 13. e5 Nh5 14. Bg5 Qb6 15. exd6 Bd7 16. Rb1 Qxd6 17.
Qd2 b5 18. Rfe1 b4 19. Ne4 Nxe4 20. Rxe4 c3 21. bxc3 bxc3 22. Qe3 Rxe4 23. Qxe4 Re8 24. Qc4 Rc8 25. Qe4 h6 26. Be7 Qa6 27. g4 Nf6 28.
Bxf6 Qxf6 29. Rb7 Re8 30. Qd3 Rd8 31. Rxa7 h5 32. g5 Qf4 33. Qe4 Qc1+ 34. Ne1 Re8 0-1

[Event "*** Qualifier 4: Titled Tuesday 3|2 Blitz"]
[Site "Chess.com"]
[Date "2017.04.25"]
[Round "1"]
[White "djogrodek1"]
[Black "TregubovP"]
[Result "1-0"]
[WhiteElo "2400"]
[BlackElo "1763"]
[TimeControl "180+2"]
[EndTime "13:06:44 PDT"]
[Termination "djogrodek1 won by resignation"]

1. e4 c5 2. Nf3 Nc6 3. Bb5 Nf6 4. Bxc6 dxc6 5. d3 Bg4 6. h3 Bxf3 7. Qxf3 Nd7 8. b3 e5 9. Bb2 Bd6 10. Qg3 O-O 11. O-O Re8 12. Nd2 Nf8 13. f4 Ne6 14. fxe5 Bc7 15. Nf3 Nd4 16. Rf2 Qd7 17. Raf1 Re7 18.
Bxd4 cxd4 19. Ng5 Rf8 20. Rf5 f6 21. Qh4 g6 22. Rxf6 Rfe8 23. Rf7 h5 24. R1f6 Rxf7 25.
Rxf7 Qxf7 26. Nxf7 Kxf7 27. Qf6+ Kg8 28. Qxg6+ Kf8 29.
Qf6+ Kg8 30. e6 1-0

[Event "*** Qualifier 4: Titled Tuesday 3|2 Blitz"]
[Site "Chess.com"]
[Date "2017.04.25"]
[Round "1"]
[White "AdamHunt1"]
[Black "sergiochess83"]
[Result "0-1"]
[WhiteElo "2364"]
[BlackElo "2716"]
[TimeControl "180+2"]
[EndTime "13:06:47 PDT"]
[Termination "sergiochess83 won by resignation"]

1. e4 c5 2. Nf3 d6 3. d4 cxd4 4. Nxd4 Nf6 5. Nc3 a6 6. Bg5 Nbd7 7. Qe2 e6 8. O-O-O b5 9. f4 Qc7 10. g4 Bb7 11. Bg2 Rc8 12. Nd5 Qc4 13. Qxc4 Rxc4 14. Ne3 Rc8 15. Rhe1 Nxe4 16. Bh4 h5 17. g5 g6 18. Nf1 d5 19. Ng3 Ndc5 20. Nge2 Bg7 21. c3 O-O 22. Kb1 Na4 23. Bxe4 dxe4 24. Ng3 Nc5 25.
Nc2 Nd3 26. Rf1 Rfd8 27. Ne2 a5 28. Ned4 b4 29. cxb4 axb4 30. Be1 Bxd4 31. Nxd4 Rxd4 0-1

[Event "*** Qualifier 4: Titled Tuesday 3|2 Blitz"]
[Site "Chess.com"]
[Date "2017.04.25"]
[Round "1"]
[White "Ilja_Semjonovs"]
[Black "Gordima"]
[Result "1-0"]
[WhiteElo "2243"]
[BlackElo "2503"]
[TimeControl "180+2"]
[EndTime "13:06:51 PDT"]
[Termination "Ilja_Semjonovs won by resignation"]

1. e4 c5 2. Nf3 e6 3. d4 cxd4 4. Nxd4 a6 5. Nc3 d6 6. g3 b5 7. Bg2 Bb7 8. a3 Nd7 9. O-O Rc8 10. Be3 Be7 11. f4 Qc7 12. Qe2 Ngf6 13. Rae1 O-O 14. Kh1 Nb6 15. g4 Nc4 16. Bc1 Qb6 17. Nb3 a5 18. g5 Nd7 19. f5 Nde5 20. f6 Bd8 21.
fxg7 Re8 22. Qh5 b4 23. axb4 axb4 24. Ne2 Ne3 25. Bxe3 Qxe3 26. Nf4 Qa7 27. Nd3 Ng6 28. Rxf7 Kxf7 29. Qxh7 Rg8 30. Rf1+ Ke7 31. Qxg8 1-0

[Event "*** Qualifier 4: Titled Tuesday 3|2 Blitz"]
[Site "Chess.com"]
[Date "2017.04.25"]
[Round "1"]
[White "theprosecution1"]
[Black "GM_Huschenbeth"]
[Result "1-0"]
[WhiteElo "2603"]
[BlackElo "2275"]
[TimeControl "180+2"]
[EndTime "13:07:04 PDT"]
[Termination "theprosecution1 won by resignation"]

1. e4 c5 2. Nf3 d6 3. d4 cxd4 4. Nxd4 Nf6 5. Nc3 a6 6. Be2 Nbd7 7. Be3 e6 8. g4 h6 9. f4 g5 10. f5 Ne5 11. h3 Bd7 12. Qd2 Rc8 13. O-O-O Qa5 14.
fxe6 fxe6 15. Rhf1 Be7 16. Nb3 Qc7 17. Kb1 b5 18. a3 Qb7 19. Bd4 Nxe4 20. Nxe4 Qxe4 21. Rde1 Qg2 22. Qe3 Rf8 23. Rxf8+ Bxf8 24. Bxe5 dxe5 25.
Qxe5 Qxh3 26. Nd4 Rc5 27. Qf6 Qe3 28. Rf1 Be7 29. Qh8+ 1-0

[Event "*** Qualifier 4: Titled Tuesday 3|2 Blitz"]
[Site "Chess.com"]
[Date "2017.04.25"]
[Round "1"]
[White "korason34"]
[Black "Beca95"]
[Result "0-1"]
[WhiteElo "2338"]
[BlackElo "2682"]
[TimeControl "180+2"]
[EndTime "13:07:10 PDT"]
[Termination "Beca95 won by resignation"]

1. d4 Nf6 2. c4 c5 3. d5 e6 4. Nc3 exd5 5. cxd5 d6 6. Bf4 g6 7. Nf3 a6 8. a4 Bg7 9. e3 O-O 10. h3 Qe7 11. Be2 Nbd7 12. O-O Ne8 13. a5 h6 14. Bh2 g5 15. Nd2 f5 16. Nc4 Ne5 17. Nb6 Rb8 18. f4 Ng6 19. Qd2 g4 20. hxg4 fxg4 21.
e4 Bd4+ 22. Kh1 h5 23. Bd3 Qg7 24. Ne2 Bxb2 25. Rab1 Bf6 26. Nxc8 Rxc8 27. Ng3 Bh4 28. Nf5 Rxf5 29. exf5 Nf8 30. Qb2 Bf6 31. Qxb7 Rc7 32. Qxa6 g3 33. Qa8 Re7 34. Rb8 Qg4 35. Rf3 Re1+ 36.
Bf1 Rxf1+ 37. Rxf1 Qh4 0-1

[Event "*** Qualifier 4: Titled Tuesday 3|2 Blitz"]
[Site "Chess.com"]
[Date "2017.04.25"]
[Round "1"]
[White "aRk_iN"]
[Black "Bugcrusher"]
[Result "0-1"]
[WhiteElo "2101"]
[BlackElo "2462"]
[TimeControl "180+2"]
[EndTime "13:07:10 PDT"]
[Termination "Bugcrusher won by resignation"]

1. e4 e6 2. d4 d5 3. Nc3 Bb4 4. e5 c5 5. a3 Bxc3+ 6. bxc3 Qa5 7.
Bd2 Qa4 8. Qb1 c4 9. h4 Nc6 10. h5 h6 11. g3 Nge7 12. Bh3 Bd7 13. Ne2 O-O-O 14. Nf4 Kb8 15. O-O Ka8 16. Kh2 Rdf8 17. Qd1 Nd8 18. Ng2 f5 19. exf6 gxf6 20. Re1 e5 21.
Nh4 e4 22. Bf4 Bxh3 23. Kxh3 Qd7+ 24. Qg4 Ne6 25. Rab1 Rhg8 26. Ng6 Nxg6 27. hxg6 h5 28. Qf5 Nxf4+ 0-1

[Event "*** Qualifier 4: Titled Tuesday 3|2 Blitz"]
[Site "Chess.com"]
[Date "2017.04.25"]
[Round "1"]
[White "Journey_to_GrandMaster_YT"]
[Black "Rikikits"]
[Result "0-1"]
[WhiteElo "2289"]
[BlackElo "2603"]
[TimeControl "180+2"]
[EndTime "13:07:13 PDT"]
[Termination "Rikikits won by resignation"]

1. d4 Nf6 2. Nf3 c5 3. d5 e6 4. c4 d6 5. Nc3 exd5 6. cxd5 g6 7. g3 Bg7 8. Bg2 O-O 9. O-O Re8 10. Nd2 a6 11. a4 Nbd7 12. Nc4 Ne5 13. Na3 Rb8 14. h3 Nh5 15. Kh2 Bd7 16. f4 b5 17. axb5 axb5 18. Ne4 b4 19. Nc2 Nc4 20. Ne3 Nxe3 21. Bxe3 f5 22.
Bxc5 dxc5 23. Nxc5 Bb5 24. Ne6 Qd6 25. Rb1 Bf6 26. Bf3 Ng7 27. Nd4 Bxd4 28. Qxd4 Bxe2 29. Bxe2 Rxe2+ 30. Kh1 Nh5 31. Rf3 Rd8 32. Rd1 Nf6 33.
Rfd3 Ne4 34. Rf3 Rc8 35. Ra1 Rd2 36. Qa7 Qxd5 37. Kg1 Ng5 38. fxg5 Qxf3 0-1

[Event "*** Qualifier 4: Titled Tuesday 3|2 Blitz"]
[Site "Chess.com"]
[Date "2017.04.25"]
[Round "1"]
[White "pKiLz5Rn9b"]
[Black "Wolverine_master"]
[Result "1-0"]
[WhiteElo "2436"]
[BlackElo "1988"]
[TimeControl "180+2"]
[EndTime "13:07:13 PDT"]
[Termination "pKiLz5Rn9b won on time"]

1. d4 Nf6 2. Nf3 c5 3. d5 d6 4. Nc3 g6 5. e4 Bg4 6. Bb5+ Nbd7 7. O-O Bg7 8. h3 Bxf3 9. Qxf3 O-O 10. a4 a6 11. Bd3 Ne5 12. Qe2 Nxd3 13. cxd3 Rb8 14. Bf4 Nd7 15. Rfd1 b5 16. axb5 axb5 17. Be3 b4 18. Nb1 Qb6 19. Nd2 Ra8 20. Nc4 Qb5 21. f4 Nb6 22. Bf2 Rxa1 23. Rxa1 Ra8 24. Rxa8+ Nxa8 25. e5 dxe5 26. fxe5 Nb6 27. Qe4 Nxc4 28. dxc4 Qa4 29.
Kh2 Qa2 30. d6 Qa7 31. Qd5 exd6 32. exd6 Bxb2 33. d7 Qc7+ 34. Bg3 Qd8 35. Qc6 1-0

[Event "*** Qualifier 4: Titled Tuesday 3|2 Blitz"]
[Site "Chess.com"]
[Date "2017.04.25"]
[Round "1"]
[White "Lord_Neezy"]
[Black "1stSecond"]
[Result "0-1"]
[WhiteElo "2187"]
[BlackElo "2489"]
[TimeControl "180+2"]
[EndTime "13:07:17 PDT"]
[Termination "1stSecond won by resignation"]

1. e4 c5 2. Nf3 e6 3. d4 cxd4 4.
Nxd4 Nc6 5. Nc3 Qc7 6. Be2 a6 7. O-O Nf6 8. Be3 Bb4 9. Nxc6 bxc6 10. Na4 Rb8 11. Bd3 Be7 12. b3 h5 13. Qf3 Bd6 14. h3 Ng4 15. Rfd1 Bh2+ 16. Kh1 Be5 17. Rac1 d6 18.
c4 c5 19. Bf4 Bd4 20. Rc2 Qe7 21. Kg1 g5 22. Bg3 Ne5 23. Bxe5 dxe5 24. Nc3 Bb7 25. Ne2 Rd8 26. Nxd4 Rxd4 27. Be2 Bxe4 28. Qc3 Bxc2 29. Qxc2 Qd6 30. Rxd4 Qxd4 31. Qd1 Qxd1+ 32. Bxd1 Ke7 33. Bf3 f5 34. Kf1 e4 35. Be2 Kf6 36. Ke1 h4 37. f3 e3 38. Bd3 Ke5 39. Ke2 Kf4 0-1

[Event "*** Qualifier 4: Titled Tuesday 3|2 Blitz"]
[Site "Chess.com"]
[Date "2017.04.25"]
[Round "1"]
[White "biostatistician"]
[Black "MorpheusPro"]
[Result "1-0"]
[WhiteElo "2443"]
[BlackElo "2034"]
[TimeControl "180+2"]
[EndTime "13:07:21 PDT"]
[Termination "biostatistician won by resignation"]

1. d4 d5 2. Nf3 e6 3. c4 Nf6 4.
Bg5 Be7 5. e3 O-O 6. Nc3 c6 7.
Bd3 a6 8. O-O h6 9. Bh4 b5 10.
b3 Nbd7 11. Rc1 dxc4 12. bxc4 bxc4 13. Bxc4 c5 14. Qe2 cxd4 15. Nxd4 Bb7 16. Rfd1 Qa5 17.
Nxe6 Ne5 18. Nxf8 Rxf8 19. Bxf6 Bxf6 20. Nd5 Bd8 21. Bb3 Ng6 22. Qh5 Qb5 23. Qxg6 Bxd5 24. Rxd5 Qxb3 25. axb3 fxg6 26. Rc8 Be7 27. Rxf8+ Kxf8 28. Ra5 1-0

[Event "*** Qualifier 4: Titled Tuesday 3|2 Blitz"]
[Site "Chess.com"]
[Date "2017.04.25"]
[Round "1"]
[White "Ar4uha"]
[Black "Rogue_King"]
[Result "1-0"]
[WhiteElo "2469"]
[BlackElo "2119"]
[TimeControl "180+2"]
[EndTime "13:07:27 PDT"]
[Termination "Ar4uha won by checkmate"]

1. e4 c6 2. Nc3 d5 3. Qe2 d4 4. Nd1 e5 5. g3 Bd6 6. d3 Nf6 7. f4 exf4 8. gxf4 Bb4+ 9. c3 dxc3 10. bxc3 Ba5 11. Nf3 Bg4 12. Rg1 h5 13. h3 Bxf3 14.
Qxf3 Bxc3+ 15. Nxc3 Qd4 16. Rb1 Qxc3+ 17. Bd2 Qc2 18. Rxb7 O-O 19. f5 Rd8 20. Qg3 Ne8 21. Be2 Na6 22. f6 Nc5 23. Re7 g6 24. Rxf7 Kxf7 25.
Qxg6+ Ke6 26. Qf5+ Kf7 27. Qh7+ Ke6 28. Qe7# 1-0

[Event "*** Qualifier 4: Titled Tuesday 3|2 Blitz"]
[Site "Chess.com"]
[Date "2017.04.25"]
[Round "1"]
[White "Ibtihal24"]
[Black "underdogchss"]
[Result "0-1"]
[WhiteElo "1378"]
[BlackElo "2388"]
[TimeControl "180+2"]
[EndTime "13:07:35 PDT"]
[Termination "underdogchss won by checkmate"]

1. d4 Nf6 2. Bf4 d6 3. Nd2 Nbd7 4. e3 e5 5. dxe5 dxe5 6. Bg3 g6 7. Be2 Bg7 8. h3 O-O 9. Ngf3 Qe7 10. Nc4 Ne4 11. Bh4 g5 12. Bg3 Nxg3 13. fxg3 e4 14. Nd4 Ne5 15. O-O Rd8 16. c3 c5 17. Nf5 Bxf5 18.
Qc2 Bg6 19. Nxe5 Bxe5 20. g4 Bc7 21. Rfd1 Qe5 22. Rxd8+ Rxd8 23. Kf2 Qg3+ 24. Kf1 Rd6 25. Rd1 Rf6+ 26. Bf3 exf3 27. gxf3 Rxf3+ 28. Ke2 Qf2# 0-1